 Dungeon Crawl Stone Soup version 0.23.1-44-gbd83930989 (webtiles) character file.

Game seed: 9459897064423488555

323 Norn the Ruffian (level 6, 0/47 HPs)
             Began as a Draconian Transmuter on Mar 31, 2019.
             Was a Follower of Ashenzari.
             Slain by an iguana (8 damage)
             ... on level 4 of the Dungeon.
             The game lasted 00:09:09 (4474 turns).

Norn the Ruffian (Draconian Transmuter)             Turns: 4474, Time: 00:09:09

Health: 0/47       AC:  2    Str: 13    XL:     6   Next: 23%
Magic:  7/10       EV: 19    Int: 15    God:    Ashenzari [*.....]
Gold:   130        SH:  2    Dex: 16    Spells: 5/11 levels left

rFire    . . .     SeeInvis .     - Unarmed
rCold    . . .     Gourm    .   (shield currently unavailable)
rNeg     . . .     Faith    .   (armour unavailable)
rPois    x         Spirit   .   (helmet currently unavailable)
rElec    .         Reflect  +   (cloak currently unavailable)
rCorr    .         Harm     .   (gloves currently unavailable)
MR       .....                  (boots currently unavailable)
Stlth    +.........             l - +2 amulet of reflection
HPRegen  0.15/turn              (no ring)
MPRegen  0.12/turn              (no ring)

@: spider-form
A: tiny, unfitting armour, AC +6
a: End Transformation, Curse Item, Scrying, Renounce Religion


You were on level 4 of the Dungeon.
You worshipped Ashenzari.
Ashenzari was aware of your devotion.
You were not hungry.
You were a venomous arachnid creature.
You visited 2 branches of the dungeon, and saw 6 of its levels.

You collected 130 gold pieces.

Inventory:

Missiles
 a - 54 arrows
Jewellery
 l - a +2 amulet of reflection (around neck)
   (You found it on level 3 of the Dungeon)
Scrolls
 c - 4 scrolls of teleportation {@r4}
 f - a scroll of fog {unknown}
 g - a scroll of fear {unknown}
 h - a scroll of amnesia {unknown}
 j - a scroll of magic mapping
 k - 2 scrolls of identify {@r1}
 o - a scroll of remove curse {@r2}
Potions
 b - 2 potions of curing {unknown}
 d - 2 potions of berserk rage {unknown}
 i - a potion of mutation {unknown}
 m - 2 potions of brilliance {unknown}
 n - a potion of heal wounds {unknown}
Comestibles
 e - 10 rations {!d}


   Skills:
 - Level 1.1 Fighting
 - Level 1.7 Dodging
 - Level 5.0 Unarmed Combat
 + Level 3.2 Spellcasting
 * Level 4.4 Transmutations


You had 5 spell levels left.
You knew the following spells:

 Your Spells              Type           Power        Failure   Level  Hunger
a - Beastly Appendage     Tmut           ###...       11%         1    #......
s - Sticks to Snakes      Tmut           ###.....     14%         2    ##.....
x - Spider Form           Tmut/Pois      #.........   45%         3    ###....

Your spell library contained the following spells:

 Spells                   Type           Power        Failure   Level  Hunger
 Magic Dart               Conj           #...         41%         1    #......
 Blink                    Tloc           N/A          52%         2    ##.....
 Call Imp                 Summ           #.......     52%         2    ##.....
 Slow                     Hex            #.......     52%         2    ##.....
 Conjure Flame            Conj/Fire      #.......     73%         3    ###....
 Mephitic Cloud           Conj/Pois/Air  #.......     73%         3    ###....
 Ice Form                 Ice/Tmut       #.......     80%         4    #####..
 Blade Hands              Tmut           ###.......   83%         5    ######.


Dungeon Overview and Level Annotations

Branches:
Dungeon (5/15)             Temple (1/1) D:4

Altars:
Ashenzari
Cheibriados
Dithmenos
Elyvilon
Gozag
Hepliaklqana
Makhleb
Nemelex Xobeh
Okawaru
Ru
Sif Muna
Trog
Uskayaw
Vehumet
Wu Jian
Xom
Yredelemnul
Zin
The Shining One


Innate Abilities, Weirdness & Mutations

((Your plain brown scales are hard. (AC +6)))
You cannot fit into any form of body armour.
((You are cold-blooded and may be slowed by cold attacks.))


Message History

There is an open door here.
All of the chunks of flesh in your inventory have rotted away.
There is an open door here.
There is an open door here.
Found a scroll of remove curse.
o - a scroll of remove curse {@r2}
Okay, then.
There is a stone staircase leading down here.
You climb downwards.
Found 10 poisoned needles.
There is a stone staircase leading up here.
Found an uncursed great sword.
A leopard gecko comes into view.
The leopard gecko hisses angrily.
You grow a pair of large bovine horns.
An iguana comes into view.
The leopard gecko completely misses you.
You closely miss the leopard gecko.
The iguana hisses angrily.
You hear an angry hiss.
The leopard gecko bites you.
You hit the leopard gecko.
You kill the leopard gecko!
An iguana and a scorpion come into view.
The iguana hisses angrily.
You see here a leopard gecko corpse.
The iguana barely misses you.
You completely miss the iguana. You headbutt the iguana.
Your transformation is almost over.
The iguana closely misses you. The iguana bites you.
There is a stone staircase leading up here.
The iguana bites you!
You climb upwards.
There is a stone staircase leading down here.
As you read the scroll labeled ATETAT WOGU, it crumbles to dust.
You feel aware of your surroundings.
It was a scroll of magic mapping.
The iguana closely misses you. x2
Your horns disappear.
You turn into a venomous arachnid creature.
The iguana bites you but does no damage.
The iguana bites you!
* * * LOW HITPOINT WARNING * * *
You barely miss the iguana. The iguana bites you!
* * * LOW HITPOINT WARNING * * *
The iguana closely misses you.
As you read the scroll labeled TUS WUNEQYUSY, it crumbles to dust.
It is a scroll of identify.
c - 4 scrolls of teleportation The iguana bites you!
You die...

############
...........#
##########.# #.# #.#
#.############ ######
#.#..........#
.....#####.#.########.#
.....'.........ls# #.#
.....#####.#.###l####.#
.....#####.#.#......#.#
.....##......#......#.#
.....##.##.###......#.#
.....##.##.# #......'.#
.....##.##.# #......###
######.....# #......#
#.....# #......#


You could see 2 iguanas.

Vanquished Creatures
  A phantom (D:3)
  A water moccasin skeleton (D:4)
  Jessica (D:2)
  Terence (D:3)
  A worker ant (D:4)
  5 adders
  An ooze (D:3)
  3 worms
  2 dart slugs (D:1)
  5 leopard geckos
  An orc (D:4)
  2 ball pythons
  5 giant cockroaches
  A goblin (D:2)
  7 hobgoblins
  2 jackals (D:1)
  2 quokkas
  4 bats
  3 frilled lizards
  6 kobolds
  9 rats
63 creatures vanquished.

Vanquished Creatures (collateral kills)
  A worm (D:2)
  A hobgoblin (D:2)
2 creatures vanquished.

Grand Total: 65 creatures vanquished

Notes
Turn   | Place    | Note
-------+----------+-------------------------------------------
     0 | D:1      | Norn the Draconian Transmuter began the quest for the Orb.
     0 | D:1      | Reached XP level 1. HP: 16/16 MP: 3/3
   134 | D:1      | Reached XP level 2. HP: 19/23 MP: 3/5
   215 | D:1      | Learned a level 2 spell: Sticks to Snakes
   421 | D:1      | Found a shattered altar of Ashenzari.
   529 | D:1      | Reached skill level 4 in Unarmed Combat
   558 | D:1      | Became a worshipper of Ashenzari the Shackled
   901 | D:2      | Reached XP level 3. HP: 22/28 MP: 3/6
  1013 | D:2      | Noticed Jessica
  1026 | D:2      | Killed Jessica
  1809 | D:2      | Reached XP level 4. HP: 35/35 MP: 5/7
  2091 | D:3      | Reached skill level 5 in Unarmed Combat
  2298 | D:3      | Found a radiant altar of Vehumet.
  2426 | D:3      | Noticed Terence
  2438 | D:3      | Killed Terence
  2483 | D:3      | Noticed a phantom
  2510 | D:2      | Learned a level 3 spell: Spider Form
  2872 | D:3      | Killed a phantom
  2872 | D:3      | Reached XP level 5. HP: 36/40 MP: 1/9
  3150 | D:3      | Found a hazy altar of Hepliaklqana.
  3460 | D:4      | Reached XP level 6. HP: 36/47 MP: 8/10
  3730 | D:4      | Reached * piety under Ashenzari
  3799 | D:4      | Found a staircase to the Ecumenical Temple.
  3816 | Temple   | Entered the Ecumenical Temple
  4442 | D:5      | Entered Level 5 of the Dungeon
  4474 | D:4      | Slain by an iguana

Skill      XL: |  1  2  3  4  5 |
---------------+----------------+-----
Unarmed Combat | 4 5 |  5.0
Transmutations | 3 4 |  4.4
Spellcasting   | 3 |  3.2
Fighting       | |  1.1
Dodging        | |  1.7

Action                   |  1- 3 |  4- 6 || total
-------------------------+-------+-------++-------
Melee: Unarmed           |    95 |   148 ||   243
       Kick              |     8 |     9 ||    17
       Tailslap          |     8 |    10 ||    18
       Headbutt          |     1 |     6 ||     7
       Punch             |       |     1 ||     1
 Cast: Beastly Appendage |    12 |    21 ||    33
       Sticks to Snakes  |     4 |     4 ||     8
       Spider Form       |       |     6 ||     6
  Use: Scroll            |       |     2 ||     2
  Eat: Chunk             |     3 |    10 ||    13
Armor: Skin              |    31 |    33 ||    64
Dodge: Dodged            |    51 |    87 ||   138
Block: Other             |       |     7 ||     7
